FIQ, neutral female sylph Wizard ----- |...-- ----- --..<---. |...| ---..... |...-- ---.). ---.%%| --). -----.--- --..- |... -----|.^||...| |..*.- |-.. --.--.|..----[-- |.....| |... |................-- ----------.--..-----------.. |-.........-.....(.......(..........)....))..... |.........%..................-.- ------------- --.............................| |......--.--.......---........- --......-------. --......@.| |.^..--hB.-- --.------..| --- -.| FIQ the Conjurer Experience level: 4 Strength: 9 Dexterity: 15 Constitution: 13 Intelligence: 16 Wisdom: 9 Charisma: 13 Health: 0(35) Energy: 41(41) Def: 0 Gold: 150 Moves: 1191 Dungeon seed: foy-9Qb4Gv_uw9Fm Game ID: FIQ_1441961054 Your Inventory: Coins $ - 150 gold pieces Weapons a - a blessed +1 quarterstaff (weapon in hands) Comestibles q - 3 uncursed lichen corpses w - an uncursed egg Scrolls i - an uncursed scroll of gold detection j - an uncursed scroll of remove curse k - a blessed scroll of earth v - an uncursed scroll of scare monster Spellbooks l - a blessed spellbook of force bolt m - a blessed spellbook of magic missile n - an uncursed spellbook of confuse monster Potions f - an uncursed potion of levitation g - a blessed potion of sickness h - 2 uncursed potions of healing p - an uncursed potion of gain energy r - a blessed potion of speed s - an uncursed potion of gain ability u - an uncursed potion of blindness C - an uncursed potion of enlightenment D - a cursed potion of gain energy E - an uncursed potion of confusion G - a cursed potion of restore ability Rings c - an uncursed ring of teleport control (on left hand) d - an uncursed ring of searching y - an uncursed ring of poison resistance Wands b - an uncursed wand of sleep (0:7) A - an uncursed wand of slow monster (0:8) B - an uncursed wand of enlightenment (0:13) Tools o - an uncursed magic marker (0:88) t - an uncursed blindfold Spells and supernatural/magical abilities: Name Level Category Fail Memory a - force bolt 1 attack 0% 95% m - magic missile 2 attack 0% 95% u - confuse monster 2 enchantment 0% 95% W - pray for help -- divine ? -- Your skills at the end: Fighting Skills Weapon Skills quarterstaff [Basic] Spellcasting Skills attack spells [Basic] enchantment spells [Basic] Final Attributes: You were devoutly aligned. You saw invisible. You were stealthy. You had teleport control. You were protected from shape changers. You are dead. Vanquished creatures: a gnome king 2 gnome lords 3 dwarves a brown mold a green mold 3 gnomes a gnome zombie a kobold 3 goblins 3 sewer rats 3 lichens a newt 23 creatures vanquished. Voluntary challenges: You went without food. You used a wielded weapon 32 times, starting on turn 6. You read items or engraved 5 times, starting on turn 683. You never genocided any monsters. You never polymorphed an object. You never changed form. You used no wishes. You never split a pudding. You wrote Elbereth's name 1 time, starting on turn 1023. You never violated your personal moral code. Dungeon overview: The Dungeons of Doom: levels 1 to 4 Level 1 a sink a long staircase Level 2 an altar to Thoth Level 3 Level 4 stairs to The Gnomish Mines The Gnomish Mines: levels 5 to 6 Level 5 stairs to The Dungeons of Doom Level 6 <- You were here History has recorded: On T:1 you entered the Dungeons of Doom to retrieve the Amulet of Yendor! On T:270 you reached level 2 of The Dungeons of Doom. On T:460 you advanced to experience level 2. On T:556 you reached level 3 of The Dungeons of Doom. On T:759 you advanced to experience level 3. On T:772 you reached level 4 of The Dungeons of Doom. On T:822 you reached level 1 of The Gnomish Mines. On T:1007 you reached level 2 of The Gnomish Mines. On T:1049 you advanced to experience level 4. Score breakdown: Gold: 150 ( 15 points) Experience: 4 levels ( 300 points) Exploration: 6 levels ( 150 points) Discoveries: 3 items ( 150 points) Variety of kills: 12 monsters ( 600 points) Major goal: (nothing yet) ( 0 points) Survival: died (score multiplied by 3) Total score: 3645 Latest messages: G - a sky blue potion. The giant bat bites! The dwarf king hits! (2x) You die... Final status: Goodbye FIQ the Wizard, killed by a dwarf king... You died in The Gnomish Mines on dungeon level 6 with 3645 points, and 150 pieces of gold, after 1191 moves. You were level 4 with a maximum of 35 hit points when you died.